 Dungeon Crawl Stone Soup version 0.31.0-32-g396128a36d (webtiles) character file.

Game seed: 8309777527404924727

2628 jagang the Fighter (level 9, -1/79 HPs)
             Began as a Human Monk on Mar 23, 2024.
             Was a Priest of Okawaru.
             Killed from afar by an acid dragon (30 damage)
             ... with a splash of acid
             ... on level 7 of the Dungeon.
             The game lasted 00:13:22 (6447 turns).

jagang the Fighter (Human Monk)                     Turns: 6447, Time: 00:13:23

Health: -1/79      AC: 10    Str: 12    XL:     9   Next: 61%
Magic:  9/9        EV:  8    Int: 11    God:    Okawaru [***...]
Gold:   522        SH:  0    Dex: 25    Spells: 8/8 levels left

rFire   x . .        E - +6 short sword of Weocky {spect, Fly rElec rF- rN+}
rCold   . . .        d - orb {light}
rNeg    + . .        s - +0 plate armour
rPois   .            (no helmet)
rElec   +            w - +2 cloak
rCorr   .            (no gloves)
SInv    .            a - +0 pair of boots
Will    .....        (no amulet) Stlth
                     m - +5 ring of evasion
HPRegen 0.33/turn    b - +6 ring of dexterity
MPRegen 0.11/turn

%: no passive effects
@: corroded, flying, glowing
A: explore regen
a: Renounce Religion, Heroism


You were on level 7 of the Dungeon.
You worshipped Okawaru.
Okawaru was most pleased with you.
You visited 2 branches of the dungeon, and saw 8 of its levels.
You also visited: Sewer and Ossuary.

You collected 608 gold pieces.
You spent 86 gold pieces at shops.

Inventory:

Hand Weapons
 g - the +2 falchion "Weghymom" {flame, SInv}
   (You found it on level 4 of the Dungeon)

   SInv:      It lets you see invisible.
 E - the +6 short sword of Weocky (weapon) {spect, Fly rElec rF- rN+}
   (You found it on level 5 of the Dungeon)

   rF-:       It makes you vulnerable to fire.
   rElec:     It insulates you from electricity.
   rN+:       It protects you from negative energy.
   Fly:       It grants you flight.
 J - a +0 long sword
Missiles
 x - 14 poisoned darts
 I - 6 datura-tipped darts
 L - a boomerang (quivered)
Armour
 a - a +0 pair of boots (worn)
 d - an orb of light (worn)
 s - a +0 plate armour (worn)
 w - a +2 cloak (worn)
Jewellery
 b - a +6 ring of dexterity (right hand)
 m - a +5 ring of evasion (left hand)
 r - a +6 ring of intelligence
Wands
 H - a wand of polymorph (9)
Scrolls
 e - a scroll of immolation
 h - 2 scrolls of blinking
 i - 2 scrolls of enchant weapon
 j - 2 scrolls of vulnerability
 o - 3 scrolls of teleportation
 q - a scroll of poison
 y - a scroll of summoning
 F - a scroll of enchant armour {unknown}
 K - a scroll of silence {unknown}
Potions
 c - a potion of ambrosia
 f - 3 potions of might
 k - 4 potions of haste
 l - a potion of magic {unknown}
 n - a potion of berserk rage {unknown}
 p - 8 potions of curing
 t - 3 potions of lignification {unknown}
 u - 4 potions of mutation {unknown}
 v - 3 potions of invisibility {unknown}
 z - 2 potions of attraction {unknown}
 A - 3 potions of enlightenment {unknown}
 B - 2 potions of brilliance {unknown}
 C - 3 potions of degeneration {unknown}
 D - a potion of heal wounds {unknown}
 G - a potion of cancellation {unknown}


   Skills:
 * Level 10.7 Fighting
 + Level 7.9 Long Blades
 - Level 2.0 Throwing
 - Level 3.0 Dodging


You had 8 spell levels left.
You didn't know any spells.
Your spell library contained the following spells:

 Spells                   Type           Power      Damage    Failure   Level
 Kiss of Death            Conj/Necr      0%         2d5       100%        1
 Magic Dart               Conj           0%         1d3       100%        1
 Blink                    Tloc           0%         N/A       100%        2
 Cigotuvi's Dreadful Rot  Necr/Alch/Air  0%         N/A       100%        2
 Confusing Touch          Hex            0%         N/A       100%        3
 Dispel Undead            Necr           0%         3d6       100%        4
 Call Imp                 Summ           Unusable   N/A       N/A         2
 Martyr's Knell           Necr/Summ      Unusable   N/A       N/A         4
 Death Channel            Necr           Unusable   N/A       N/A         6

Dungeon Overview and Level Annotations

Branches:
Dungeon (7/15)             Temple (1/1) D:5           Sewer (visited)
Ossuary (visited)

Altars:
Ashenzari
Dithmenos
Elyvilon
Fedhas
Gozag
Hepliaklqana
Kikubaaqudgha
Makhleb
Nemelex Xobeh
Okawaru
Qazlal
Ru
Sif Muna
Trog
Uskayaw
Vehumet
Wu Jian
Xom
Zin
The Shining One

Shops:
D:7 *


Innate Abilities, Weirdness & Mutations

You regain HP and MP as you explore.


Message History

As you read the scroll of identify, it crumbles to dust.
y - a scroll of summoning An acid dragon comes into view.
The acid dragon roars!
The acid dragon spits acid at you. The splash of acid hits you!
The acid corrodes you!
The acid dragon bites you but does no damage.
The acid dragon claws you.
You barely miss the acid dragon. The acid dragon spits acid at you.
The splash of acid hits you!!
You hit the acid dragon but do no damage.
You hit the acid dragon.
The acid dragon is lightly wounded.
The acid dragon barely misses you.
The acid dragon claws you but does no damage.
You hit the acid dragon.
The acid dragon is moderately wounded.
The acid dragon bites you but does no damage.
The acid dragon claws you but does no damage.
You hit the acid dragon.
The acid dragon is heavily wounded.
The acid dragon bites you but does no damage.
The acid dragon claws you but does no damage.
You hit the acid dragon but do no damage.
The acid dragon is heavily wounded.
The acid dragon spits acid at you. The splash of acid hits you!!
* * * LOW HITPOINT WARNING * * *
You barely miss the acid dragon.
The acid dragon is heavily wounded.
You hit the acid dragon.
The acid dragon is heavily wounded.
The acid dragon bites you but does no damage.
The acid dragon claws you but does no damage.
Okay, then.
You feel better. The acid dragon spits acid at you.
The splash of acid hits you!!
You die...

#.# #.# #.# #
#.# # #.# #
#.# #### #
#.# #.. #
###.# #D# #
#...# #@# #
#.###
#.###########
## #.###
#...........#
#. #...#
###########.#
#. ###.# #.#
#. #.#
###########.#
## #.#
#...........#
# #.#
#.###########
# #.# #.#


You could see an acid dragon (catching breath).

Vanquished Creatures
  Sigmund (D:3)
  Menkaure (D:5)
  A water moccasin (D:5)
  Duvessa (D:7)
  Pargi (D:4)
  2 sky beasts (D:7)
  An ice beast (D:7)
  A crocodile (Sewer)
  3 ogres
  A brain worm (Sewer)
  3 scorpions
  Dowan (D:7)
  An electric eel (D:6)
  A howler monkey (D:5)
  A hound (D:5)
  4 jellies
  A gnoll bouda (D:7)
  4 orc priests
  Crazy Yiuf (D:3)
  A sleepcap (D:5)
  An iguana (D:6)
  3 orc wizards
  2 hound zombies (D:4)
  2 hound skeletons (D:4)
  8 mummies (Ossuary)
  17 gnolls
  10 adders
  A shadow imp (D:7)
  3 white imps
  2 ufetubi (D:6)
  2 adder zombies (D:4)
  An adder skeleton (D:4)
  A ribbon worm (D:3)
  The ghost of flammie80 the Trooper, a weakling FoMo (D:4)
  A dart slug (D:1)
  17 orcs
  2 ball pythons
  7 endoplasms
  3 giant cockroaches
  A gnoll zombie (Ossuary)
  13 goblins
  9 hobgoblins
  11 jackals
  9 kobolds
  7 quokkas
  15 bats
  7 frilled lizards
  5 kobold zombies (Ossuary)
  2 orc zombies (Ossuary)
  2 rats (D:2)
196 creatures vanquished.

Notes
Turn   | Place    | Note
-------+----------+-------------------------------------------
     0 | D:1      | jagang the Human Monk began the quest for the Orb.
     0 | D:1      | Reached XP level 1. HP: 18/18 MP: 1/1
   195 | D:1      | Reached XP level 2. HP: 24/24 MP: 2/2
   843 | D:2      | Reached XP level 3. HP: 29/30 MP: 3/3
   959 | D:2      | Reached skill level 4 in Fighting
  1190 | D:2      | Reached XP level 4. HP: 31/37 MP: 4/4
  1566 | D:3      | Noticed Sigmund
  1608 | D:3      | Killed Sigmund
  1609 | D:3      | Reached skill level 5 in Fighting
  1609 | D:3      | Reached XP level 5. HP: 31/45 MP: 5/5
  1609 | D:3      | Reached XP level 6. HP: 36/51 MP: 6/6
  1905 | D:3      | Found a glowing drain.
  1909 | Sewer    | Entered a sewer
  1944 | Sewer    | Reached skill level 6 in Fighting
  2011 | Sewer    | Reached skill level 5 in Long Blades
  2170 | D:3      | Reached XP level 7. HP: 58/59 MP: 7/7
  2609 | D:3      | Identified the +2 leather armour of Diomis {Will+}
  2710 | D:3      | Found a runed translucent door.
  2711 | D:3      | Noticed Crazy Yiuf
  2719 | D:3      | Killed Crazy Yiuf
  2929 | D:4      | Found a radiant altar of Vehumet.
  2971 | D:4      | Identified the +2 falchion "Weghymom" {flame, SInv}
  3010 | D:4      | Noticed Pargi
  3016 | D:4      | Killed Pargi
  3017 | D:4      | Reached skill level 7 in Fighting
  3085 | D:4      | Found a sand-covered staircase.
  3095 | Ossuary  | Entered an ossuary
  3368 | D:4      | Reached XP level 8. HP: 68/68 MP: 8/8
  3416 | D:4      | Found a large runed translucent door.
  3420 | D:4      | Found a large runed translucent door.
  3425 | D:4      | Noticed flammie80's ghost (weakling FoMo)
  3442 | D:4      | Killed flammie80's ghost
  4027 | D:4      | Reached skill level 8 in Fighting
  4150 | D:5      | Entered Level 5 of the Dungeon
  4150 | D:5      | Found a staircase to the Ecumenical Temple.
  4182 | Temple   | Entered the Ecumenical Temple
  4270 | D:5      | Reached skill level 1 in Throwing
  4378 | D:5      | Identified the +6 short sword of Weocky {spect, Fly rElec
                  | rF- rN+}
  4510 | D:5      | Found a shadowy altar of Dithmenos.
  4512 | D:5      | Found a glowing golden altar of the Shining One.
  4515 | D:5      | Found an iron altar of Okawaru.
  4518 | D:5      | Found a stormy altar of Qazlal.
  4530 | D:5      | Became a worshipper of Warmaster Okawaru
  4530 | D:5      | Reached * piety under Okawaru
  4530 | D:5      | Reached ** piety under Okawaru
  4632 | D:5      | Noticed Menkaure
  4637 | D:5      | Killed Menkaure
  4843 | D:6      | Reached skill level 9 in Fighting
  4905 | D:6      | Found a sacrificial altar of Ru.
  5048 | D:6      | Reached XP level 9. HP: 33/77 MP: 9/9
  5263 | D:6      | Found a glowing silver altar of Zin.
  5265 | D:6      | Found a broken altar of Ashenzari.
  5594 | D:7      | Reached skill level 10 in Fighting
  5630 | D:7      | Reached *** piety under Okawaru
  5643 | D:7      | Noticed Duvessa
  5645 | D:7      | Noticed Dowan
  5660 | D:7      | Killed Duvessa
  5666 | D:7      | Killed Dowan
  6373 | D:7      | Found Vofejosa's Assorted Antiques.
  6388 | D:7      | Bought a scroll of identify for 46 gold pieces
  6388 | D:7      | Bought a fizzy purple potion for 20 gold pieces
  6388 | D:7      | Bought a fuming golden potion for 20 gold pieces
  6447 | D:7      | Killed from afar by an acid dragon

Illustrated notes

Levels and vault maps discovered:
D:1:      wander_arrival_fairy_ring, layout_loops_ring, serial_forest,
          infiniplex_forest_join, infiniplex_forest_3_way,
          infiniplex_forest_straight_2, infiniplex_forest_straight_5
D:2:      layout_loops_ring, kennysheep_decorative_pillar
D:3:      kennysheep_six_static_rooms, layout_rooms, gup_sewer_entry_bowl,
          uniq_crazy_yiuf_cottage, uniq_sigmund
D:4:      layout_basic, nicolae_overflow_hidden_temple,
          mainiacjoe_ossuary_entry_find_the_door, ebering_ghost_disaster_area,
          uniq_pargi
D:5:      layout_rooms, minitemple, temple_pool_b, uniq_menkaure
D:6:      layout_gridville, mainiacjoe_overflow_alcove_4,
          nicolae_overflow_squiral
D:7:      layout_loops_ring, serial_shops, nicolae_shop_waterfront, uniq_duvessa
Temple:   nicolae_temple_godzebo

Skill      XL: |  1  2  3  4  5  6  7  8  9 |
---------------+----------------------------+-----
Fighting       | 4 5 6 7 9 10 | 10.7
Long Blades    | 4 5 7 |  7.9
Throwing       | 2 |  2.0
Dodging        | |  3.0

Action                     |  1- 3 |  4- 6 |  7- 9 || total
---------------------------+-------+-------+-------++-------
  Melee: Falchion          |    60 |       |   132 ||   192
         Rapier            |    35 |   115 |    72 ||   222
         Short sword       |       |       |   157 ||   157
  Throw: Dart              |       |       |    11 ||    11
         Boomerang         |       |       |     9 ||     9
    Use: Scroll            |       |     1 |     8 ||     9
         Potion            |       |       |     1 ||     1
   Stab: Distracted        |       |       |     3 ||     3
 Armour: Robe              |    37 |       |       ||    37
         Scale mail        |    13 |    31 |       ||    44
         Plate armour      |       |    91 |   343 ||   434
  Dodge: Dodged            |    53 |   122 |   167 ||   342
